 Dungeon Crawl Stone Soup version 0.32-a0-306-gfed3edf829 (webtiles) character file.

Game seed: 10248970279594585751

6459 Ceno the Covert (level 10, 0/63 HPs)
             Began as a Vampire Enchanter on Feb 14, 2024.
             Was a Priest of Kikubaaqudgha.
             Slain by a yak (7 damage)
             ... on level 10 of the Dungeon.
             The game lasted 00:36:11 (10136 turns).

Ceno the Covert (Vampire Enchanter)                Turns: 10136, Time: 00:36:11

Health: 0/63       AC: 10    Str:  7    XL:     10   Next: 67%
Magic:  2/16       EV: 12    Int: 25    God:    Kikubaaqudgha [***...]
Gold:   480        SH:  0    Dex: 18    Spells: 3/17 levels left

rFire   . . .        b - +0 scimitar (flame)
rCold   + + .        (no shield)
rNeg    + + +        N - +0 ring mail
rPois   ∞            H - +0 helmet
rElec   .            (no cloak)
rCorr   .            (no gloves)
SInv    +            (no boots)
Will    +....        P - amulet of the acrobat
Stlth   ++++++       o - +6 ring of intelligence
HPRegen 0.00/turn    y - +4 ring of protection
MPRegen 0.15/turn

%: acrobat
@: fugue, bloodless, inhibited regen
A: bloodless, fangs 3, see invisible, vampiric 2
a: Bat Form, Revivify, Renounce Religion, Unearth Wretches


You were on level 10 of the Dungeon.
You worshipped Kikubaaqudgha.
Kikubaaqudgha was most pleased with you.
You visited 2 branches of the dungeon, and saw 12 of its levels.

You collected 480 gold pieces.

Inventory:

Hand Weapons
 a - a +1 dagger of speed
 b - a +0 scimitar of flaming (weapon)
 O - a +2 rapier of venom
Missiles
 g - 105 stones (quivered)
 v - 28 poisoned darts
 L - a throwing net
Armour
 u - the +2 robe of Solemn the Good {rElec rN+ Will+++ Str-4}
   (You took it off a hobgoblin on level 3 of the Dungeon)

   Str-4:     It affects your strength (-4).
   rElec:     It insulates you from electricity.
   rN+:       It protects you from negative energy.
   Will+++:   It greatly increases your willpower.
 H - a +0 helmet (worn)
 N - a +0 ring mail (worn)
Jewellery
 o - a +6 ring of intelligence (left hand)
 y - a +4 ring of protection (right hand)
 D - a ring of protection from cold
 P - an amulet of the acrobat (around neck)
 Q - a +6 ring of intelligence
Wands
 q - a wand of flame (29)
 E - a wand of mindburst (14)
 I - a wand of quicksilver (7)
 M - a wand of iceblast (7)
Scrolls
 e - a scroll of acquirement {unknown}
 f - a scroll of fog {unknown}
 l - 3 scrolls of enchant armour
 m - a scroll of poison {unknown}
 n - 4 scrolls of blinking {unknown}
 p - 4 scrolls of teleportation
 r - 4 scrolls of noise {unknown}
 w - 2 scrolls of revelation
 x - 2 scrolls of identify
 z - a scroll of fear {unknown}
 G - 2 scrolls of immolation {unknown}
 R - a scroll of enchant weapon {unknown}
Potions
 c - 2 potions of invisibility
 d - 2 potions of magic
 h - 2 potions of brilliance {unknown}
 i - 2 potions of degeneration
 j - 2 potions of curing
 k - a potion of haste
 s - a potion of berserk rage {unknown}
 t - a potion of heal wounds
 A - a potion of lignification {unknown}
 B - 2 potions of ambrosia {unknown}
 C - a potion of cancellation {unknown}
 F - a potion of mutation {unknown}
 J - a potion of enlightenment {unknown}
 K - a potion of attraction {unknown}


   Skills:
 + Level 7.0 Fighting
 - Level 1.1(4.9) Short Blades
 + Level 7.1 Long Blades
 + Level 6.6 Dodging
 - Level 10.0 Stealth
 - Level 4.0 Spellcasting
 - Level 8.0 Hexes
 + Level 7.8 Necromancy


You had 3 spell levels left.
You knew the following spells:

 Your Spells              Type           Power      Damage    Failure   Level
a - Ensorcelled Hibernat  Hex/Ice        50%        N/A       10%         2
b - Confusing Touch       Hex            45%        N/A       3%          3
c - Tukima's Dance        Hex            45%        N/A       3%          3
d - Dazzling Flash        Conj/Hex       50%        N/A       19%         3
e - Fugue of the Fallen   Necr           44%        N/A       3%          3

Your spell library contained the following spells:

 Spells                   Type           Power      Damage    Failure   Level
 Necrotise                Necr           100%       1d9       1%          1
 Jinxbite                 Hex            90%        N/A       1%          2
 Vampiric Draining        Necr           44%        2d9       3%          3
 Cigotuvi's Dreadful Rot  Necr/Alch/Air  36%        N/A       17%         2
 Magic Dart               Conj           20%        1d4       32%         1
 Blink                    Tloc           10%        N/A       43%         2
 Call Imp                 Summ           10%        N/A       43%         2
 Lesser Beckoning         Tloc           10%        N/A       43%         2
 Momentum Strike          Conj/Tloc      10%        3d8       43%         2
 Dispel Undead            Necr           44%        3d17      13%         4
 Curse of Agony           Necr           44%        N/A       34%         5
 Martyr's Knell           Necr/Summ      24%        N/A       54%         4
 Yara's Violent Unravell  Hex/Alch       12%        3d7       86%         5
 Borgnjor's Vile Clutch   Necr/Erth      12%        N/A       87%         5
 Enfeeble                 Hex            22%        N/A       100%        7


Dungeon Overview and Level Annotations

Branches:
Dungeon (11/15)            Temple (1/1) D:4            Lair (0/5) D:8
    Orc: D:9-12

Altars:
Ashenzari
Cheibriados
Dithmenos
Fedhas
Gozag
Hepliaklqana
Kikubaaqudgha
Makhleb
Nemelex Xobeh
Okawaru
Qazlal
Ru
Sif Muna
Trog
Uskayaw
Vehumet
Wu Jian
Xom
Yredelemnul

Shops:
D:2 (*

Annotations:
D:2 Sigmund
D:5 exclusion: phantom
D:6 exclusion: ice beast
D:7 Joseph


Innate Abilities, Weirdness & Mutations

You do not regenerate when monsters are visible.
You are frail without blood (-20% HP).
You can heal yourself when you bite living creatures.
You are immune to poison.
You have razor-sharp teeth.
You have supernaturally acute eyesight. (SInv)
You are afflicted with vampirism and can become a bat while bloodless.


Message History

Casting: Dazzling Flash (dangerous; 19% risk of failure)
Press: ? - help, Dir - look around, f - activate The yak is dazzled.
The yak misses you. The yak gores you.
You slash the yak! You burn the yak. You bite the yak, but do no damage.
The yak is severely wounded.
The yak barely misses you. The yak closely misses you.
You slash the yak! You burn the yak.
You kill the yak!
Kikubaaqudgha accepts your kill. The yak gores you!
Casting: Dazzling Flash (dangerous; 19% risk of failure)
Confirm with . or Enter, or press ? or * to list all spells.
You don't have enough magic to cast this spell.
Unknown command.
You hit the yak but do no damage. The yak gores you!
* * * LOW HITPOINT WARNING * * *
The yak misses you.
You hit the yak but do no damage. Your bite misses the yak.
The yak closely misses you. The yak barely misses you.
You slash the yak! You burn the yak.
The yak is moderately wounded.
The yak gores you but does no damage. The yak barely misses you.
You slice the yak!! You burn the yak.
The yak is almost dead.
The yak gores you but does no damage. The yak gores you!
* * * LOW HITPOINT WARNING * * *
You slash the yak! You burn the yak.
You kill the yak!
Kikubaaqudgha accepts your kill.
The wailing of tortured souls fills the air!
The yak barely misses you.
Your Fighting skill increases to level 7!
You hit the yak. You burn the yak. Your bite misses the yak.
The yak is lightly wounded.
The yak closely misses you.
You barely miss the yak.
The yak is lightly wounded.
The yak gores you!
You die...
Kikubaaqudgha rasps: You have failed me!
Welcome... oblivion!

..#. # ...#
~#~#..~ ~~~~~~~
~P.~~~. #.
~~.~~~.##
#####...#
#.†###........
♣P..#†Y##.##....
.~P♣♣
##.@....#... .
###.....#
#.....#
♣####..†.##
♣....>..#..#
♣###^#.#)...#
#.#.#.....#
#...........
############


You could see a yak.

Vanquished Creatures
  Erica (D:8)
  A gargoyle (D:10)
  A komodo dragon (D:8)
  Grinder (D:6)
  Prince Ribbit (D:6)
  3 wyverns
  4 yaks (D:10)
  3 water moccasins
  An orc warrior (D:7)
  3 black bears
  2 sky beasts
  An ice beast (D:8)
  2 ogres
  A centaur (D:7)
  A phantom (D:5)
  A kobold brigand (D:8)
  8 bullfrogs
  4 scorpions
  3 killer bees (D:9)
  A howler monkey (D:8)
  2 bombardier beetles (D:3)
  3 hounds
  3 gnoll boudas
  3 orc priests
  3 jellies
  2 sleepcaps
  3 iguanas
  Ijyb (D:5)
  10 orc wizards
  Robin (D:5)
  12 gnolls
  7 adders
  A white imp (D:7)
  6 dart slugs
  3 ribbon worms
  36 orcs
  8 endoplasms
  4 giant cockroaches
  12 goblins
  9 hobgoblins
  8 jackals
  16 kobolds
  5 quokkas
  8 ball pythons
  6 bats
  2 frilled lizards (D:2)
  7 rats
224 creatures vanquished.

Vanquished Creatures (collateral kills)
  An orc warrior (D:8)
  An ogre (D:5)
  5 wights (D:9)
  3 gnolls
  An orc (D:8)
11 creatures vanquished.

Vanquished Creatures (others)
  4 dancing weapons
4 creatures vanquished.

Grand Total: 239 creatures vanquished

Notes
Turn   | Place    | Note
-------+----------+-------------------------------------------
     0 | D:1      | Ceno the Vampire Enchanter began the quest for the Orb.
     0 | D:1      | Reached XP level 1. HP: 13/13 MP: 3/3
    86 | D:1      | Reached XP level 2. HP: 8/19 MP: 5/5
   102 | D:1      | Learned a level 2 spell: Ensorcelled Hibernation
   244 | D:1      | Reached skill level 5 in Stealth
   323 | D:1      | Gained mutation: You are afflicted with vampirism and can
                  | become a bat while bloodless. [Vampire growth]
   323 | D:1      | Reached XP level 3. HP: 24/24 MP: 2/7
   447 | D:1      | Learned a level 3 spell: Confusing Touch
   571 | D:1      | Reached skill level 5 in Hexes
   889 | D:2      | Found Ovidwis's General Store.
   925 | D:2      | Found Niyriy's Weapon Emporium.
  1425 | D:2      | Reached XP level 4. HP: 24/24 MP: 8/8
  1429 | D:2      | Learned a level 3 spell: Tukima's Dance
  1763 | D:2      | Noticed Sigmund
  1908 | D:2      | Reached XP level 5. HP: 28/28 MP: 0/10
  1914 | D:2      | Learned a level 3 spell: Dazzling Flash
  2316 | D:3      | Reached skill level 6 in Stealth
  2487 | D:3      | Found a broken altar of Ashenzari.
  2499 | D:3      | Identified the +0 cloak "Nyl Omi" {rCorr}
  2654 | D:3      | Identified the +2 robe of Solemn the Good {rElec rN+
                  | Will+++ Str-4}
  2897 | D:3      | Reached XP level 6. HP: 33/33 MP: 9/12
  2906 | D:3      | Reached skill level 1 in Fighting
  3636 | D:4      | Found a staircase to the Ecumenical Temple.
  3658 | D:4      | Reached skill level 7 in Stealth
  3690 | Temple   | Entered the Ecumenical Temple
  3713 | Temple   | Became a worshipper of Kikubaaqudgha
  4110 | D:4      | Reached XP level 7. HP: 39/39 MP: 3/13
  4336 | D:5      | Entered Level 5 of the Dungeon
  4493 | D:5      | Reached skill level 1 in Long Blades
  4493 | D:5      | Reached skill level 1 in Necromancy
  4607 | D:5      | Reached * piety under Kikubaaqudgha
  4607 | D:5      | Received a gift from Kikubaaqudgha
  4614 | D:5      | Noticed Robin
  4705 | D:5      | Noticed Ijyb
  4846 | D:5      | Reached skill level 8 in Stealth
  4925 | D:5      | Killed Ijyb
  5304 | D:5      | Reached XP level 8. HP: 45/46 MP: 9/14
  5422 | D:5      | Killed Robin
  5647 | D:6      | Noticed Prince Ribbit
  5743 | D:6      | Killed Prince Ribbit
  5744 | D:6      | Reached skill level 9 in Stealth
  5781 | D:6      | Learned a level 3 spell: Fugue of the Fallen
  5965 | D:6      | Found the +2 hat of the Bear Spirit {Spirit, Bear, *Rage
                  | Will++}
  6093 | D:6      | Noticed Grinder
  6098 | D:6      | Killed Grinder
  6099 | D:6      | Reached skill level 10 in Stealth
  6323 | D:6      | Reached ** piety under Kikubaaqudgha
  6586 | D:6      | Reached XP level 9. HP: 52/52 MP: 10/15
  6812 | D:7      | Reached skill level 5 in Necromancy
  6898 | D:7      | Found a bloodstained altar of Trog.
  6982 | D:7      | Reached skill level 5 in Fighting
  7692 | D:7      | Reached skill level 5 in Long Blades
  8232 | D:7      | Noticed Joseph
  8726 | D:8      | Reached *** piety under Kikubaaqudgha
  8726 | D:8      | Received a gift from Kikubaaqudgha
  8885 | D:8      | Reached skill level 5 in Dodging
  9106 | D:8      | Noticed Erica
  9110 | D:8      | Killed Erica
  9111 | D:8      | Reached XP level 10. HP: 60/60 MP: 16/16
  9214 | D:8      | Noticed an elephant
  9420 | D:8      | Found a staircase to the Lair.
 10041 | D:9      | You fall into a shaft and drop 2 floors!
 10050 | D:10     | Entered Level 10 of the Dungeon
 10050 | D:10     | Noticed a gargoyle
 10055 | D:10     | Killed a gargoyle
 10136 | D:10     | Slain by a yak

Illustrated notes

Levels and vault maps discovered:
D:1:      wander_arrival_peaceful_grave, layout_rooms
D:2:      minmay_evil_eye, layout_basic, serial_shops, nicolae_shop_peninsula,
          shop, lexackson_kobold_supper, uniq_sigmund
D:3:      layout_loops_ring, mainiacjoe_overflow_tiny_flanked
D:4:      layout_basic, minmay_temple_entry_trees, serial_bayou_pond_a
D:5:      layout_basic, nicolae_goblin_pals
D:6:      layout_gridville, uniq_prince_ribbit1, uniq_grinder
D:7:      layout_basic, amcnicky_altar_gilded, nicolae_the_louvre, uniq_joseph
D:8:      layout_basic, grunt_lair_entry_orc_guard_hut, uniq_erica
D:9:      hellmonk_destroyed_diamonds, layout_cave_pools, hiddenorc1_lemuel,
          uniq_pikel
D:10:     layout_basic, serial_bayou, serial_bayou_lagoon_b,
          serial_bayou_ford_a, serial_bayou_shore_a, serial_bayou_pond_c,
          minmay_misc_feat_chi
D:11:     layout_roguey
Temple:   mainiacjoe_temple_big_plus

Skill      XL: |  1  2  3  4  5  6  7  8  9 10 |
---------------+-------------------------------+-----
Stealth        | 5 6 7 8 10 | 10.0
Hexes          | 5 6 7 8 |  8.0
Spellcasting   | 3 4 |  4.0
Fighting       | 1 3 4 6 7 |  7.0
Long Blades    | 2 4 6 7 |  7.1
Necromancy     | 2 4 6 7 |  7.8
Dodging        | 5 6 |  6.6
Short Blades   | |  1.1

Action                     |  1- 3 |  4- 6 |  7- 9 | 10-12 || total
---------------------------+-------+-------+-------+-------++-------
  Melee: Dagger            |    78 |   117 |   148 |    56 ||   399
         Bite              |     8 |    12 |    10 |     9 ||    39
         Scimitar          |       |       |    10 |    25 ||    35
  Throw: Stone             |       |     7 |    12 |     3 ||    22
   Cast: Ensorcelled Hiber |    24 |    56 |    99 |    22 ||   201
         Confusing Touch   |     1 |     1 |     4 |     2 ||     8
         Tukima's Dance    |       |     1 |    15 |     6 ||    22
         Dazzling Flash    |       |     1 |     2 |     4 ||     7
         Fugue of the Fall |       |       |     3 |     2 ||     5
 Invoke: Unearth Wretches  |       |       |     1 |       ||     1
Ability: Exsanguinate      |     1 |       |       |       ||     1
    Use: Scroll            |       |     5 |     3 |     1 ||     9
         Potion            |       |       |       |     3 ||     3
   Stab: Sleeping          |    24 |    59 |    77 |    16 ||   176
         Confused          |       |     1 |     6 |     3 ||    10
         Invisible         |       |     1 |     4 |     1 ||     6
         Paralysed         |       |       |     1 |       ||     1
 Armour: Robe              |    40 |    36 |    31 |       ||   107
         Ring mail         |       |       |    35 |    75 ||   110
  Dodge: Dodged            |    48 |    31 |    60 |    85 ||   224

Table legend: (Time is in decaauts)
 A = Elapsed time spent in this place.
 B = Non-inter-level travel time spent in this place.
 C = Inter-level travel time spent in this place.
 D = Time resting spent in this place.
 E = Time spent auto-exploring this place.
 F = Levels seen in this place.
 G = Mean time per level.
                   A        B        C        D        E       F      G
               +--------+--------+--------+--------+--------+-----+--------+
         Total |  10020 |   9722 |    298 |   1988 |   4424 |  12 |  835.0 |
       Dungeon |   9974 |   9719 |    255 |   1988 |   4424 |  11 |  906.7 |
        Temple |     45 |      2 |     43 |      0 |      0 |   1 |   45.0 |
               +--------+--------+--------+--------+--------+-----+--------+

Top non-repeatable levels by time:
     D:7: 1380 daAuts
     D:5: 1357 daAuts
     D:2: 1355 daAuts
     D:8: 1170 daAuts
     D:6: 1157 daAuts
     D:3: 1077 daAuts
     D:4: 991 daAuts
     D:1: 837 daAuts
     D:9: 556 daAuts
    D:10: 82 daAuts
  Temple: 45 daAuts
    D:11: 8 daAuts
